 Dungeon Crawl Stone Soup version 0.29.1-12-g30fa7ad0bf (webtiles) character file.

Game seed: 7788970847847376995

195 DemonSlayer the Firebug (level 5, -4/52 HPs)
             Began as a Demonspawn Fire Elementalist on Dec 16, 2022.
             Slain by an orc warrior
             ... wielding a +2 long sword of flaming
              (12 damage)
             ... on level 3 of the Dungeon.
             The game lasted 00:08:57 (4202 turns).

DemonSlayer the Firebug (DsFE)                      Turns: 4202, Time: 00:08:57

Health: -4/52      AC: 29    Str:  8 (10) XL:     5   Next: 45%
Magic:  10/19      EV:  2    Int: 14 (15) God:
Gold:   124        SH:  0    Dex: 15 (17) Spells: 2/10 levels left

rFire   . . .      SeeInvis .   b - +1 dagger (protect)
rCold   . . .      Faith    .   (no shield)
rNeg    . . .      Spirit   .   (body armour currently unavailable)
rPois   +          Reflect  .   (helmet currently unavailable)
rElec   .          Harm     .   (cloak currently unavailable)
rCorr   .          Rampage  .   (gloves currently unavailable)
Will    .....      NoTele   +   (boots currently unavailable)
Stlth   ++........              (no amulet)
HPRegen 0.17/turn               k - ring of magical power
MPRegen 0.16/turn               (no ring)

@: mighty, brilliant, tree-form, weak-willed, under a protective aura, hasted,
very quick
A: stationary, stasis, torment immunity, boosted hp, (weakness stinger 2),
(stinger 1), agile 1, (deformed body)
a: no special abilities


You were on level 3 of the Dungeon.
You were a tree.
You visited 1 branch of the dungeon, and saw 3 of its levels.

You collected 124 gold pieces.

Inventory:

Hand Weapons
 b - a +1 dagger of protection (weapon)
 n - a +3 dagger
Armour
 a - a +0 pair of gloves (melded)
 g - a +0 pair of boots (melded)
 h - a +2 robe of willpower (melded)
 o - a +1 cloak (melded)
Jewellery
 k - a ring of magical power (left branch)
Scrolls
 j - a scroll of enchant armour {unknown}
 p - a scroll of vulnerability
 q - a scroll of identify
 s - a scroll of immolation {unknown}
Potions
 c - a potion of brilliance
 e - a potion of lignification
 f - 2 potions of degeneration
 i - a potion of haste
 m - a potion of might
 t - a potion of attraction


   Skills:
 + Level 0.2 Fighting
 + Level 0.2 Short Blades
 + Level 2.2 Dodging
 + Level 2.2 Stealth
 + Level 3.4 Spellcasting
 + Level 1.8 Conjurations
 + Level 4.1 Fire Magic


You had 2 spell levels left.
You knew the following spells:

 Your Spells              Type           Power      Damage    Failure   Level
a - Foxfire               Conj/Fire      64%        2x1d7     6%          1
b - Scorch                Fire           40%        2d7       6%          2
c - Blink                 Tloc           6%         N/A       30%         2
d - Conjure Flame         Conj/Fire      16%        6-21      19%         3

Your spell library contained the following spells:

 Spells                   Type           Power      Damage    Failure   Level
 Inner Flame              Hex/Fire       12%        N/A       26%         3
 Gell's Gravitas          Tloc           3%         N/A       52%         3
 Lesser Beckoning         Tloc           3%         N/A       52%         3
 Teleport Other           Tloc           3%         N/A       52%         3
 Flame Wave               Conj/Fire      16%        2d7       52%         4
 Manifold Assault         Tloc           3%         N/A       99%         5
 Storm Form               Tmut/Air       1%         N/A       100%        7


Dungeon Overview and Level Annotations

Branches:
Dungeon (3/15)

Altars:
Xom


Innate Abilities, Weirdness & Mutations

You are a tree.
Your roots penetrate the ground, keeping you stationary.
You cannot be teleported.
You are immune to unholy pain and torment.
Your maximum health is greatly increased.
Your equipment is partially melded.
((You have a tail ending in a sharp stinger.))
((Your tail ends in a venomous barb.))
You are agile. (Dex +4, Str/Int -1)
((Armour fits poorly on your strangely shaped body.))


Message History

Casting: Scorch (safe; 5% risk of failure)
Confirm with . or Enter, or press ? or * to list all spells.
You feel a surge of power!
Flames lash the orc warrior but do no damage.
Unknown command.
Casting: Scorch (safe; 5% risk of failure)
Confirm with . or Enter, or press ? or * to list all spells.
You feel a surge of power!
Flames lash the orc.
You kill the orc!
The orc warrior hits you but does no damage.
Casting: Scorch (safe; 5% risk of failure)
Confirm with . or Enter, or press ? or * to list all spells.
You feel a surge of power!
Flames lash the orc warrior.
The orc warrior is moderately wounded.
The orc warrior's fire resistance burns away.
Casting: Scorch (safe; 5% risk of failure)
Confirm with . or Enter, or press ? or * to list all spells.
You feel a surge of power!
Flames lash the orc warrior.
The orc warrior is moderately wounded.
The orc priest begins to cast a cantrip, but forgets the words!
The orc warrior hits you with a +2 long sword of flaming!
* * * LOW HITPOINT WARNING * * *
The orc warrior burns you.
* * * LOW HITPOINT WARNING * * *
Casting: Scorch (safe; 5% risk of failure)
Confirm with . or Enter, or press ? or * to list all spells.
You don't know that spell.
It was a potion of curing.
You feel better.
The orc warrior hits you with a +2 long sword of flaming.
* * * LOW HITPOINT WARNING * * *
The orc warrior burns you.
* * * LOW HITPOINT WARNING * * *
It was a potion of mutation.
You feel extremely strange.
Your body twists and deforms.
You feel agile.
A venomous barb forms on the end of your tail.
You hit the orc warrior.
Your weapon exudes an aura of protection.
The orc warrior is heavily wounded.
The orc warrior hits you with a +2 long sword of flaming!
You die...

##...###.#..........##
#....###.#§§§§§☼§.....
..
##........#.§§§°§§...###
#.
#............o§§§○..##
#. #####.########°§§#.##
#. ......########○§§###
#. #####.##.......§)# #.
#.##.###.#.#o# #. #....#
#...#♣# #<
####.###.###§##### #.
#.....# #§○...# #.
###.### #####.# #. #.#
#.# #. #.# #.# #. #.#
#.# #. #.# #.# ## #.#
#.#


You could see an orc warrior (weak-willed, combustible) and an orc priest
(weak-willed).

Vanquished Creatures
  Terence (D:2)
  4 gnolls
  5 adders
  A worm (D:3)
  A dart slug (D:2)
  2 orcs
  5 ball pythons
  3 bats
  7 endoplasms
  5 giant cockroaches
  6 hobgoblins
  8 jackals
  7 kobolds
  6 quokkas (D:1)
  4 frilled lizards
  5 goblins
  6 rats
76 creatures vanquished.

Vanquished Creatures (others)
  131 foxfires
131 creatures vanquished.

Grand Total: 207 creatures vanquished

Notes
Turn   | Place    | Note
-------+----------+-------------------------------------------
     0 | D:1      | DemonSlayer the Demonspawn Fire Elementalist began the
                  | quest for the Orb.
     0 | D:1      | Reached XP level 1. HP: 13/13 MP: 3/3
   205 | D:1      | Reached skill level 3 in Fire Magic
   222 | D:1      | Gained mutation: You have a small tail. [demonic ancestry]
   222 | D:1      | Reached XP level 2. HP: 19/19 MP: 0/5
   225 | D:1      | Learned a level 2 spell: Scorch
   941 | D:1      | Gained mutation: You have a tail ending in a sharp stinger.
                  | [demonic ancestry]
   941 | D:1      | Reached XP level 3. HP: 24/24 MP: 6/6
  1823 | D:1      | Learned a level 2 spell: Blink
  2039 | D:2      | Reached XP level 4. HP: 29/30 MP: 2/7
  2389 | D:2      | Noticed Terence
  2493 | D:3      | Found a shimmering altar of Xom.
  2761 | D:3      | Noticed an orc warrior
  2899 | D:2      | Found a faded altar of an unknown god.
  3072 | D:2      | Killed Terence
  3073 | D:2      | Reached XP level 5. HP: 26/35 MP: 9/9
  3314 | D:2      | Reached skill level 4 in Fire Magic
  3503 | D:2      | Learned a level 3 spell: Conjure Flame
  4183 | D:3      | HP: 1/35 [orc warrior/+2 long sword of flaming (2)]
  4201 | D:3      | Gained mutation: Armour fits poorly on your strangely
                  | shaped body. [potion of mutation]
  4201 | D:3      | Gained mutation: You are agile. (Dex +4, Str/Int -1)
                  | [potion of mutation]
  4201 | D:3      | Gained mutation: Your tail ends in a venomous barb. [potion
                  | of mutation]
  4202 | D:3      | Slain by an orc warrior

Illustrated notes

Levels and vault maps discovered:
D:1:      minmay_arrival_wavy_path, layout_rooms, serial_co_window_serial,
          co_window_paths_a, co_window_corner_a, co_window_paths_b,
          co_window_paths_a, co_window_paths_b, co_window_2corner,
          co_window_cross_2, co_window_unsneaky_path_a, co_window_2corner,
          co_window_broadway_a, co_window_unsneaky_path_e, glass_columns_b,
          glass_columns_a, glass_columns_a
D:2:      layout_loops_cross, shapermc_ecumenical_altar_ellora,
          kennysheep_generic_room_9, uniq_terence
D:3:      layout_loops_ring, mainiacjoe_overflow_boulevard,
          pf_guarded_unrand_meek

Skill      XL: |  1  2  3  4  5 |
---------------+----------------+-----
Fire Magic     | 3 4 |  4.1
Stealth        | 2 |  2.2
Dodging        | 2 |  2.2
Spellcasting   | 3 |  3.4
Fighting       | |  0.2
Short Blades   | |  0.2
Conjurations   | |  1.8

Action                   |  1- 3 |  4- 6 || total
-------------------------+-------+-------++-------
Melee: Dagger            |    57 |    24 ||    81
       Unarmed           |     3 |       ||     3
       Tailslap          |     7 |     3 ||    10
 Cast: Foxfire           |    89 |       ||    89
       Scorch            |     6 |    47 ||    53
  Use: Potion            |     1 |     9 ||    10
       Scroll            |       |     4 ||     4
 Stab: Sleeping          |     1 |     1 ||     2
Armor: Robe              |    27 |    13 ||    40
       Skin              |       |     6 ||     6
Dodge: Dodged            |    53 |    30 ||    83
